 Dungeon Crawl Stone Soup version 0.29-a0-11-ga75d3d97ab (webtiles) character file.

Game seed: 11012849105497763329

2467 issech the Cudgeller (level 9, -1/79 HPs)
             Began as a Troll Monk on Jan 29, 2022.
             Was a Priest of Hepliaklqana.
             Slain by Harold (22 damage)
             ... on level 7 of the Dungeon.
             The game lasted 00:25:08 (5612 turns).

issech the Cudgeller (Troll Monk)                   Turns: 5612, Time: 00:25:11

Health: -1/79      AC:  8    Str: 21      XL:     9   Next: 26%
Magic:  8/8        EV:  9    Int:  6      God:    Hepliaklqana [***...]
Gold:   242        SH:  0    Dex:  2 (22) Spells: 8/8 levels left

rFire   . . .      SeeInvis .   K - +1 scythe (vamp)
rCold   . . .      Faith    .   (shield currently unavailable)
rNeg    . . .      Spirit   .   b - +0 robe
rPois   .          Reflect  .   (helmet restricted)
rElec   .          Harm     .   (no cloak)
rCorr   .          Rampage  .   (gloves unavailable)
Will    .....                   (boots unavailable)
Stlth   +.........              (no amulet)
HPRegen 1.03/turn               i - +4 ring of protection
MPRegen 0.11/turn               e - +6 ring of dexterity

@: no status effects
A: reduced essence, large, unfitting armour, claws 3, regeneration 1, shaggy fur
1, tough skin 1
a: Renounce Religion, Recall Ancestor, Ancestor Identity, Transference


You were on level 7 of the Dungeon.
You worshipped Hepliaklqana.
Hepliaklqana was most pleased with you.
You visited 2 branches of the dungeon, and saw 8 of its levels.
You also visited: Sewer.

You collected 242 gold pieces.

Inventory:

Hand Weapons
 a - a +0 mace
 r - a +3 hunting sling
 F - a +2 dagger of holy wrath
 G - a +0 long sword
 K - a +1 vampiric scythe (weapon)
Missiles
 f - 112 arrows
 g - 108 stones (quivered)
 o - a boomerang
 p - 20 bolts
 H - 14 sling bullets
Armour
 b - a +0 robe (worn)
Jewellery
 e - a +6 ring of dexterity (right claw)
 h - a ring of resist corrosion
 i - a +4 ring of protection (left claw)
 L - a ring of fire
 N - a +4 ring of evasion
Wands
 s - a wand of flame (18)
 y - a wand of polymorph (10)
 A - a wand of iceblast (4)
 J - a wand of digging (3)
Scrolls
 c - 3 scrolls of fog
 d - 2 scrolls of enchant weapon
 j - 2 scrolls of immolation
 k - 2 scrolls of amnesia
 m - a scroll of teleportation
 q - a scroll of fear
 x - a scroll of blinking
 C - a scroll of magic mapping {unknown}
 D - a scroll of noise {unknown}
 E - a scroll of brand weapon {unknown}
Potions
 l - a potion of ambrosia {unknown}
 n - 2 potions of flight {unknown}
 t - 2 potions of might {unknown}
 u - 2 potions of curing {unknown}
 v - a potion of lignification {unknown}
 w - 2 potions of degeneration {unknown}
 z - 3 potions of attraction {unknown}
 B - 2 potions of heal wounds {unknown}
 I - 2 potions of haste {unknown}
 M - a potion of magic {unknown}


   Skills:
 + Level 5.1 Fighting
 + Level 1.0 Short Blades
 + Level 7.1 Maces & Flails
 + Level 0.5 Polearms
 + Level 6.8 Dodging
 + Level 2.5 Stealth


You had 8 spell levels left.
You didn't know any spells.
Your spell library contained the following spells:

 Spells                   Type           Power      Damage    Failure   Level
 Magic Dart               Conj           0%         1d3       45%         1
 Searing Ray              Conj           0%         2d4       58%         2
 Call Canine Familiar     Summ           0%         N/A       83%         3
 Gell's Gravitas          Tloc           0%         N/A       83%         3
 Lesser Beckoning         Tloc           0%         N/A       83%         3
 Portal Projectile        Hex/Tloc       0%         N/A       83%         3
 Teleport Other           Tloc           0%         N/A       83%         3
 Fulminant Prism          Conj/Hex       0%         3d6       99%         4
 Leda's Liquefaction      Hex/Erth       0%         N/A       99%         4


Dungeon Overview and Level Annotations

Branches:
Dungeon (7/15)             Temple (1/1) D:4           Sewer (visited)

Altars:
Cheibriados
Dithmenos
Elyvilon
Fedhas
Hepliaklqana
Kikubaaqudgha
Nemelex Xobeh
Okawaru
Ru
Uskayaw
Vehumet
Wu Jian
Xom
Yredelemnul
Zin
The Shining One

Shops:
D:2 *

Annotations:
D:6 2 transporters, fragbeetle's ghost, novice HOCA
D:7 Harold


Innate Abilities, Weirdness & Mutations

Your life essence is reduced to manifest your ancestor. (-10% HP)
You are too large for most types of armour.
You have claws for hands.
Your natural rate of healing is unusually fast.
You are covered in fur. (AC +1)
You have tough skin. (AC +1)


Message History

Mbali hits Harold with a +0 quarterstaff!
Harold barely misses Mbali.
Mbali barely misses Harold.
Harold throws a throwing net.
The throwing net hits Mbali.
The net passes right through Mbali!
Reach: K) +1 scythe (vamp)
Press: ? - help, Dir - move target, f/p - Harold
Aim: Harold, wielding a +0 vorpal hand axe, wearing a +1 ring mail of willpower and quivering 2 throwing nets (heavily wounded, ally target, about 47% to evade your +1 vampiric scythe)
You reach to attack!
You hit Harold.
Harold is heavily wounded.
Mbali barely misses Harold.
Harold throws a throwing net.
The throwing net closely misses Mbali.
The throwing net hits you.
You become entangled in the net!
Mbali closely misses Harold.
You cannot attack while held in a net.
Unknown command.
You cannot attack while held in a net.
You struggle against the net.
Harold fires a harpoon shot at you.
The harpoon shot hits Mbali!!
Mbali is destroyed!
Unknown command.
Unknown command.
Unknown command.
You cannot attack while held in a net.
You cannot attack while held in a net.
You tear a large gash into the net.
Harold fires a harpoon shot at you. The harpoon shot hits you!
You are yanked forward by the harpoon shot.
The gnoll sergeant hits you but does no damage.
Reach: K) +1 scythe (vamp)
Press: ? - help, Dir - move target, f/p - Harold
Aim: Harold, wielding a +0 vorpal hand axe, wearing a +1 ring mail of willpower and quivering a throwing net (heavily wounded, about 47% to evade your +1 vampiric scythe)
Okay, then.
You barely miss Harold.
Harold is heavily wounded.
Harold hits you with a +0 vorpal hand axe.
The gnoll sergeant hits you from afar with a +0 spear!
* * * LOW HITPOINT WARNING * * *
Harold hits you with a +0 vorpal hand axe!!
You die...

#.# #.(# #.# ..# #.#
..# ##.# ##.# .#.#
##..#
...##########...####
...................+
...##########....###
.#.# .......#@# ##.#
.#######@# ##.# #g#
...# #g# ##.# #.#
......# #.# ##.##.#
#.# #... # #.# .._.


You could see Harold, a gnoll sergeant and a gnoll.

Vanquished Creatures
  Eustachio (D:4)
  A necrophage (D:4)
  A bullfrog (D:7)
  A centaur skeleton (D:5)
  A hound (D:3)
  An orc priest (D:5)
  2 iguanas (D:4)
  5 adders
  3 worms
  A dart slug (D:1)
  8 orcs
  11 ball pythons
  2 endoplasms
  2 giant cockroaches
  5 goblins
  7 hobgoblins
  4 jackals (D:3)
  3 kobolds
  5 quokkas
  4 bats
  3 frilled lizards
  13 rats
84 creatures vanquished.

Vanquished Creatures (collateral kills)
  The ghost of Cecur the Gusty, an amateur DrAE of Makhleb (D:5)
  Sigmund (D:6)
  A steam dragon (D:6)
  Menkaure (D:5)
  A water moccasin (D:6)
  2 ice beasts
  A sky beast (D:6)
  A black bear (D:5)
  A necrophage (D:5)
  2 bullfrogs (Sewer)
  A water moccasin zombie (D:6)
  A bullfrog zombie (D:6)
  4 quasits (D:5)
  2 hounds
  An orc priest (D:7)
  4 iguanas
  3 orc wizards
  A howler monkey skeleton (D:6)
  6 adders
  4 river rats (Sewer)
  An adder skeleton (D:4)
  4 orcs
  2 ball pythons (Sewer)
  2 endoplasms (D:4)
  2 giant cockroaches (D:5)
  A goblin (D:4)
  2 quokkas
  2 frilled lizards (Sewer)
  13 rats (Sewer)
68 creatures vanquished.

Vanquished Creatures (others)
  2 battlemagi
  6 plants (D:6)
8 creatures vanquished.

Grand Total: 160 creatures vanquished

Notes
Turn   | Place    | Note
-------+----------+-------------------------------------------
     0 | D:1      | issech the Troll Monk began the quest for the Orb.
     0 | D:1      | Reached XP level 1. HP: 22/22 MP: 0/0
    93 | D:1      | Reached XP level 2. HP: 29/29 MP: 1/1
   268 | D:1      | Reached skill level 3 in Maces & Flails
   692 | D:2      | Reached XP level 3. HP: 12/36 MP: 2/2
   949 | D:2      | Found Veapus's General Store.
  1510 | D:3      | Reached XP level 4. HP: 44/44 MP: 3/3
  1549 | D:3      | Found a faded altar of an unknown god.
  1894 | D:3      | Found a shadowy altar of Dithmenos.
  1929 | D:3      | Reached skill level 4 in Maces & Flails
  2140 | D:4      | Reached XP level 5. HP: 53/53 MP: 4/4
  2143 | D:4      | Found a staircase to the Ecumenical Temple.
  2197 | Temple   | Entered the Ecumenical Temple
  2273 | Temple   | Became a worshipper of Hepliaklqana the Forgotten
  2273 | Temple   | Reached * piety under Hepliaklqana
  2273 | Temple   | Reached ** piety under Hepliaklqana
  2285 | Temple   | Remembered your ancestor Mbali as a battlemage
  2311 | D:4      | Found a white marble altar of Elyvilon.
  2526 | D:4      | Noticed a necrophage
  2535 | D:4      | Killed a necrophage
  2536 | D:4      | Reached skill level 5 in Maces & Flails
  2536 | D:4      | Reached XP level 6. HP: 53/54 MP: 5/5
  2641 | D:4      | Noticed Eustachio
  2653 | D:4      | Killed Eustachio
  2861 | D:5      | Entered Level 5 of the Dungeon
  2869 | D:5      | Reached XP level 7. HP: 54/61 MP: 6/6
  2885 | D:5      | Found a transporter.
  2931 | D:5      | Reached skill level 6 in Maces & Flails
  3028 | D:5      | Found a glowing drain.
  3040 | Sewer    | Entered a sewer
  3593 | D:5      | Reached XP level 8. HP: 33/70 MP: 7/7
  3732 | D:5      | Found a transporter.
  3737 | D:5      | Noticed Cecur's ghost (amateur DrAE)
  3916 | D:5      | Noticed Menkaure
  3918 | D:5      | Killed Menkaure
  4125 | D:5      | Lost dexterity.
  4256 | D:5      | Killed Cecur's ghost
  4257 | D:5      | Reached skill level 7 in Maces & Flails
  4257 | D:5      | Reached skill level 5 in Dodging
  4436 | D:6      | Noticed Sigmund
  4444 | D:6      | Killed Sigmund
  4479 | D:6      | Reached *** piety under Hepliaklqana
  4506 | D:6      | Reached XP level 9. HP: 34/78 MP: 8/8
  4759 | D:6      | Noticed fragbeetle's ghost (novice HOCA)
  4812 | D:6      | Identified the +0 scale mail "Xueqie" {-Tele Harm Will-
                  | Regen+}
  4843 | D:6      | Found a transporter.
  4843 | D:6      | Found a transporter.
  4907 | D:6      | Reached skill level 5 in Fighting
  5210 | D:7      | Reached skill level 1 in Short Blades
  5583 | D:7      | Found a sparkling altar of Nemelex Xobeh.
  5603 | D:7      | Noticed Harold
  5612 | D:7      | Slain by Harold

Illustrated notes

Levels and vault maps discovered:
D:1:      beargit_arrival_diablo_church, layout_basic
D:2:      layout_basic, serial_shops, nicolae_shop_behind_doors
D:3:      layout_loops_ring, marbit_many_paths,
          hellmonk_ecumenical_altar_dog_temple, corexii_corridor_pit
D:4:      layout_cave_pools, old_standard_altar,
          minmay_temple_entry_statues_fountains, serial_park,
          serial_park_tiny_pond, serial_park_tiny_2, patterned_corridor,
          uniq_eustachio
D:5:      layout_rooms, gammafunk_ghost_stat_death, gup_sewer_entry_pipe,
          hangedman_decor_peaks_small, minmay_misc_feat_roman,
          minmay_misc_feat_alley, uniq_menkaure
D:6:      layout_cave_pools, gammafunk_ghost_gnarly_gnolls, serial_column_ruins,
          column_ruins_hut, column_ruins_corridor_corner,
          column_ruins_open_small, column_ruins_columns_straight,
          column_ruins_columns_dead_end, column_ruins_grid_1, minivault_25,
          uniq_sigmund
D:7:      layout_loops_corners, nicolae_overflow_crystal_walls, enter_ossuary_3,
          hangedman_abyss_or_decor_passed, nicolae_sextant, uniq_harold
Temple:   nicolae_temple_god_jail

Skill      XL: |  1  2  3  4  5  6  7  8  9 |
---------------+----------------------------+-----
Maces & Flails | 3 4 5 6 7 |  7.1
Fighting       | 3 4 5 |  5.1
Dodging        | 3 4 6 |  6.8
Stealth        | 2 |  2.5
Short Blades   | 1 |  1.0
Polearms       | |  0.5

Action                   |  1- 3 |  4- 6 |  7- 9 || total
-------------------------+-------+-------+-------++-------
Melee: Mace              |   120 |   122 |   100 ||   342
       Punch             |       |     3 |     1 ||     4
       Dagger            |       |       |    30 ||    30
       Scythe            |       |       |    27 ||    27
Invok: Ancestor Life: Ba |       |     1 |       ||     1
  Use: Scroll            |       |     4 |     5 ||     9
       Potion            |       |       |     1 ||     1
 Stab: Distracted        |       |     1 |       ||     1
       Sleeping          |       |     1 |       ||     1
       Invisible         |       |       |     3 ||     3
Armor: Robe              |    53 |    39 |   217 ||   309
Dodge: Dodged            |    73 |    80 |   231 ||   384

Table legend: (Time is in decaauts)
 A = Elapsed time spent in this place.
 B = Non-inter-level travel time spent in this place.
 C = Inter-level travel time spent in this place.
 D = Time resting spent in this place.
 E = Time spent auto-exploring this place.
 F = Levels seen in this place.
 G = Mean time per level.
                   A        B        C        D        E       F      G
               +--------+--------+--------+--------+--------+-----+--------+
         Total |   6117 |   6022 |     95 |    200 |   2301 |   9 |  679.7 |
       Dungeon |   5415 |   5331 |     84 |    168 |   2163 |   7 |  773.6 |
        Temple |     89 |     78 |     11 |      0 |     58 |   1 |   89.0 |
         Sewer |    612 |    612 |      0 |     32 |     79 |   1 |  612.0 |
               +--------+--------+--------+--------+--------+-----+--------+

Top non-repeatable levels by time:
     D:5: 1163 daAuts
     D:6: 949 daAuts
     D:3: 907 daAuts
     D:1: 652 daAuts
     D:4: 649 daAuts
   Sewer: 612 daAuts
     D:2: 611 daAuts
     D:7: 481 daAuts
  Temple: 89 daAuts
